 Dungeon Crawl Stone Soup version 0.17-a0-1123-g6d3914c (webtiles) character file.

690 Kisielow the Ducker (level 7, -4/52 HPs)
             Began as a Merfolk Ice Elementalist on May 24, 2015.
             Slain by a phantom (8 damage)
             ... on level 4 of the Dungeon.
             The game lasted 00:15:15 (4638 turns).

Kisielow the Ducker (Merfolk Ice Elementalist)      Turns: 4638, Time: 00:15:15

Health: -4/52      AC:  3    Str:  9    XL:     7   Next: 63%
Magic:  10/10      EV: 16    Int: 18    God:
Gold:   157        SH:  0    Dex: 16    Spells: 3 memorised, 4 levels left

rFire  . . .     SeeInvis .     e - +2 whip (venom)
rCold  . . .     Clarity  .     r - +0 leather armour
rNeg   . . .     SustAt   .     (no shield)
rPois  .         Gourm    .     (helmet restricted)
rElec  .         Spirit   .     (no cloak)
rCorr  .         Warding  .     (no gloves)
rMut   .         Stasis   .     (no boots)
MR     .....                    (no amulet)
Stlth  ++........               (no ring)
                                d - +2 ring of intelligence

@: not resistant to hostile enchantments, unstealthy
A: change form in water, swift swim, antennae 1, breathe flames 2, clever 1,
slow healing 2
a: Breathe Fire


You were on level 4 of the Dungeon.
You were near starving.

You visited 1 branch of the dungeon, and saw 4 of its levels.

You collected 157 gold pieces.

Inventory:

Hand weapons
 e - a +2 whip of venom (weapon)
Armour
 r - a +0 leather armour (worn)
Jewellery
 d - a +2 ring of intelligence (left hand)
Scrolls
 g - 2 scrolls of identify
 j - a scroll of immolation
 n - a scroll of teleportation
 u - a scroll of fear
 w - 3 scrolls of blinking
Potions
 f - a potion of haste {unknown}
 h - a potion of might {unknown}
 o - a potion of curing {unknown}
 q - a potion of poison {unknown}
 s - a potion of degeneration {unknown}
 t - a potion of invisibility {unknown}
 A - a potion of agility {unknown}
Books
 b - a book of Frost

   Spells                             Type                      Level
   a - Freeze                         Ice                          1
   b - Throw Frost                    Conjuration/Ice              2
   c - Ozocubu's Armour               Charms/Ice                   3
   d - Throw Icicle                   Conjuration/Ice              4
   e - Summon Ice Beast               Ice/Summoning                4
   f - Condensation Shield            Ice                          4
 m - Sif Muna's Theurgy 101
   (You found it on level 4 of the Dungeon)

   Spells                             Type                      Level
   a - Sting                          Conjuration/Poison           1
   b - Magic Dart                     Conjuration                  1
   c - Animate Skeleton               Necromancy                   1
   d - Summon Butterflies             Summoning                    1
   e - Beastly Appendage              Transmutation                1
Comestibles
 c - 4 bread rations
 i - 3 meat rations
 l - 4 fruits
 p - a slice of pizza


   Skills:
 * Level 3.2 Fighting
 * Level 7.7 Dodging
 - Level 2.1 Stealth
 - Level 2.0 Spellcasting
 - Level 0.7 Conjurations
 - Level 4.5 Charms
 - Level 4.1 Ice Magic


You had 4 spell levels left.
You knew the following spells:

 Your Spells              Type           Power        Failure   Level  Hunger
a - Freeze                Ice            ###.         6%          1    #......
b - Throw Frost           Conj/Ice       ##....       17%         2    ###....
q - Ozocubu's Armour      Chrm/Ice       ###.....     14%         3    ###....


Dungeon Overview and Level Annotations

Branches:
Dungeon (4/15)
 Temple: D:4-7

Altars:
Dithmenos
Fedhas
Makhleb
Okawaru
Vehumet
Xom


Innate Abilities, Weirdness & Mutations

You revert to your normal form in water.
You are very nimble and swift while swimming.
You have a pair of small antennae on your head.
You can breathe fire.
Your mind is acute. (Int +2)
You do not heal naturally when monsters are visible.


Message History

You are too injured to fight recklessly!
You see here 2 stones.
You hit the phantom.
The phantom is moderately damaged.
The phantom closely misses you.
You hit the phantom.
The phantom is heavily damaged.
The phantom misses you.
You barely miss the phantom.
The phantom is heavily damaged.
The phantom hits you.
* * * LOW HITPOINT WARNING * * *
You hit the phantom but do no damage.
The phantom is heavily damaged.
The phantom hits you!
* * * LOW HITPOINT WARNING * * *
You miss the phantom.
The phantom is heavily damaged.
The phantom hits you!
You die...

#########.#.#... #.
.............. #.
#######.....## ###.##
###.### ..... #########
##.## #...
........####...# ...
...............#
#.#.#.########.####...#
#......W@).....# #####
###.############ ####
..# #... #. #.# #.## #.
#.# #.# #. #.# #.# #.
#<# #.# #. #.# #.##
##.###.# #...


You could see a phantom.

Vanquished Creatures
  2 phantoms (D:4)
  3 big kobolds (D:3)
  Natasha (thrice) (D:2)
  4 gnolls
  9 adders
  7 giant geckos
  13 orcs (D:3)
  2 giant cockroaches (D:2)
  5 goblins
  11 hobgoblins
  8 jackals (D:3)
  55 kobolds
  A quokka (D:4)
  2 ball pythons
  12 bats
  8 giant newts
  11 rats
156 creatures vanquished.

Notes
Turn   | Place    | Note
--------------------------------------------------------------
     0 | D:1      | Kisielow the Merfolk Ice Elementalist began the quest for the Orb.
     0 | D:1      | Reached XP level 1. HP: 13/13 MP: 3/3
   293 | D:1      | Reached XP level 2. HP: 14/19 MP: 1/5
   297 | D:1      | Reached skill level 4 in Ice Magic
   836 | D:2      | Reached XP level 3. HP: 20/25 MP: 4/6
   840 | D:2      | Learned a level 2 spell: Throw Frost
   844 | D:2      | Learned a level 3 spell: Ozocubu's Armour
   917 | D:2      | Reached skill level 1 in Fighting
  1133 | D:2      | Noticed Natasha
  1139 | D:2      | Killed Natasha
  1139 | D:2      | Reached XP level 4. HP: 11/33 MP: 2/7
  1458 | D:2      | Reached skill level 1 in Charms
  1562 | D:2      | Noticed Natasha
  1571 | D:2      | Killed Natasha
  1593 | D:2      | Noticed Natasha
  1599 | D:2      | Killed Natasha
  1830 | D:2      | Found a radiant altar of Vehumet.
  1830 | D:2      | Found a blossoming altar of Fedhas.
  1831 | D:2      | Found an iron altar of Okawaru.
  1958 | D:2      | Reached XP level 5. HP: 38/38 MP: 6/8
  3121 | D:3      | Reached XP level 6. HP: 38/44 MP: 7/9
  3390 | D:3      | Found a burning altar of Makhleb.
  3390 | D:3      | Found a shadowy altar of Dithmenos.
  3538 | D:3      | Reached skill level 5 in Dodging
  3555 | D:3      | Reached skill level 6 in Dodging
  3717 | D:3      | Reached XP level 7. HP: 39/51 MP: 8/10
  4232 | D:4      | Gained mutation: You have a pair of small antennae on your head. [potion of mutation]
  4232 | D:4      | Gained mutation: Your mind is acute. (Int +2) [potion of mutation]
  4232 | D:4      | Gained mutation: You heal slowly when monsters are visible. [potion of mutation]
  4233 | D:4      | Gained mutation: You do not heal naturally when monsters are visible. [potion of mutation]
  4233 | D:4      | Gained mutation: You can breathe flames. [potion of mutation]
  4233 | D:4      | Gained mutation: You can breathe fire. [potion of mutation]
  4319 | D:4      | Reached skill level 7 in Dodging
  4429 | D:4      | Identified Sif Muna's Theurgy 101
  4459 | D:4      | Found a shimmering altar of Xom.
  4638 | D:4      | Slain by a phantom

Vault maps used:
D:1:      minmay_arrival_stone_box, minmay_misc_feat_rows
D:2:      gammafunk_temple_overflow_forgotten, uniq_natasha
D:3:      minmay_goblin_kobold_castle, gammafunk_temple_overflow_elements,
          first_bread
D:4:      gup_sewer_entry_bubbles, xom_redecorated

Action                   |  1- 3 |  4- 6 |  7- 9 || total
-------------------------+-------+-------+-------++-------
Melee: Whip              |    21 |   164 |   171 ||   356
       Unarmed           |     2 |       |       ||     2
 Cast: Freeze            |    34 |    69 |     8 ||   111
       Ozocubu's Armour  |     1 |     8 |     6 ||    15
       Throw Frost       |       |     1 |       ||     1
  Use: Scroll            |       |       |    11 ||    11
       Potion            |       |       |     7 ||     7
 Stab: Sleeping          |     2 |       |     1 ||     3
  Eat: Chunk             |     1 |    11 |     3 ||    15
